 Dungeon Crawl Stone Soup version 0.25-a0-356-g7c9d860 (webtiles) character file.

Game seed: 15077763976651277578, levelgen mode: deterministic

633 puppykicker the Stinger (level 7, -3/46 HPs)
             Began as an Octopode Venom Mage on Jan 3, 2020.
             Slain by a centaur zombie (7 damage)
             ... on level 5 of the Dungeon.
             The game lasted 00:15:12 (6111 turns).

puppykicker the Stinger (Octopode Venom Mage)       Turns: 6111, Time: 00:15:13

Health: -3/46      AC:  1    Str:  7      XL:     7   Next: 49%
Magic:  11/11      EV: 18    Int: 18      God:
Gold:   39         SH:  0    Dex: 13 (17) Spells: 3/12 levels left

rFire    + . .     SeeInvis .   b - +0 dagger (venom)
rCold    + . .     Gourm    .   (no shield)
rNeg     . . .     Faith    .   (helmet restricted)
rPois    +         Spirit   .   (no amulet)
rElec    +         Reflect  .   (no ring)
rCorr    +         Harm     .   (no ring)
MR       .....                  (no ring)
Stlth    ++++......             (no ring)
HPRegen  0.15/turn              (no ring)
MPRegen  0.12/turn              (no ring)
                                (no ring)
                                (no ring)

@: agile, resistant
A: almost no armour, stealthy swim, amphibious, 8 rings, constrict 8, camouflage
1, blurry vision 1, weak 1, wild magic 1, gelatinous body 1, evolution 1
a: no special abilities


You were on level 5 of the Dungeon.
You were hungry.

You visited 1 branch of the dungeon, and saw 5 of its levels.

You collected 231 gold pieces.
You spent 192 gold pieces at shops.


Innate Abilities, Weirdness & Mutations

You cannot wear most types of armour.
You are very stealthy in the water. (Stealth+)
You are amphibious.
You can wear up to eight rings at the same time.
You can use your tentacles to constrict eight enemies at once.
Your skin changes colour to match your surroundings (Stealth+).
Your rubbery body absorbs attacks. (AC +1, EV +1)
Scrolls take you a little longer to read.
You are weak. (Str -2)
Your spells are a little harder to cast, but a little more powerful.
You evolve.


   Skills:
 + Level 3.1 Fighting
 - Level 2.0 Dodging
 - Level 2.6 Stealth
 - Level 3.6 Unarmed Combat
 - Level 3.0 Spellcasting
 - Level 2.0 Conjurations
 - Level 2.0 Transmutations
 - Level 2.0 Fire Magic
 - Level 2.0 Air Magic
 - Level 5.0 Poison Magic


You had 3 spell levels left.
You knew the following spells:

 Your Spells              Type           Power        Failure   Level  Hunger
a - Sting                 Tmut/Pois      ###.         6%          1    None
b - Poisonous Vapours     Pois/Air       ###...       10%         2    ##.....
c - Mephitic Cloud        Conj/Pois/Air  ###.....     21%         3    ###....
d - Ignite Poison         Fire/Tmut/Pois ###.....     21%         3    ###....

Your spell library contained the following spells:

 Spells                   Type           Power        Failure   Level  Hunger
 Olgreb's Toxic Radiance  Pois           ####....     28%         4    ####...

Inventory:

Hand Weapons
 a - a +0 quarterstaff
 b - a +0 dagger of venom (weapon)
 w - a +0 longbow
Missiles
 c - 162 stones (quivered)
 r - 2 throwing nets
 s - 7 curare-tipped darts
 B - 31 arrows
Magical Staves
 y - an uncursed staff of power
Jewellery
 l - an uncursed amulet of guardian spirit
Scrolls
 d - a scroll of teleportation
 e - a scroll of fear {unknown}
 f - a scroll of random uselessness {unknown}
 h - 2 scrolls of remove curse {unknown}
 i - a scroll of blinking {unknown}
 j - 2 scrolls of immolation {unknown}
 m - 2 scrolls of fog {unknown}
 n - a scroll of amnesia {unknown}
 z - a scroll of magic mapping
Potions
 g - 2 potions of flight
 k - 3 potions of curing
 q - a potion of ambrosia
 t - 2 potions of haste
 u - 2 potions of brilliance
 x - a potion of berserk rage
Comestibles
 o - 6 rations
 C - a chunk of flesh {@w1}

Dungeon Overview and Level Annotations

Branches:
Dungeon (5/15)
 Temple: D:4-7

Altars:
Ru
Sif Muna
Trog
Uskayaw
Zin

Shops:
D:4

*(* #.# #..# #.# #{.#
#.# ##..# #.# #.h.#
#.########### #..##
###...........# #h.#
.........####.# #..#
.##..###.####.#####..#
.....#
#.....รท..@Z...#
..##.# #.####.#####.##
#.##.# #............#
..##.# #..###.#######
.###.# #..# #.# .# #.#
#.# .# #.# .# #.# ..
..#


You could see a centaur zombie.


Message History

Unknown command.
You closely miss something. You squeeze something.
Reactivating autopickup.
Your Fighting skill increases to level 3!
You feel a bit more experienced. The centaur zombie hits you!
* * * LOW HITPOINT WARNING * * *
You hit the centaur zombie.
The centaur zombie is lightly damaged.
The centaur zombie misses you.
You hit the centaur zombie but do no damage.
The centaur zombie is lightly damaged.
The centaur zombie hits you!
* * * LOW HITPOINT WARNING * * *
You hit the centaur zombie.
The centaur zombie is lightly damaged.
The centaur zombie closely misses you. The centaur zombie hits you.
* * * LOW HITPOINT WARNING * * *
You hit the centaur zombie.
The centaur zombie is moderately damaged.
The centaur zombie hits you.
* * * LOW HITPOINT WARNING * * *
It was a potion of agility.
You feel agile all of a sudden. The centaur zombie closely misses you.
It was a potion of resistance.
You feel protected. The centaur zombie hits you.
* * * LOW HITPOINT WARNING * * *
The centaur zombie hits you!
You die...

Action                   |  1- 3 |  4- 6 |  7- 9 || total
-------------------------+-------+-------+-------++-------
Melee: Unarmed           |     6 |       |       ||     6
       Constrict         |    19 |    27 |    10 ||    56
       Spear             |    30 |       |       ||    30
       Club              |     6 |       |       ||     6
       Tentacles         |     5 |    18 |     4 ||    27
       Dagger            |     8 |    60 |    51 ||   119
       Punch             |     1 |     2 |       ||     3
       Quarterstaff      |       |    32 |       ||    32
 Fire: Longbow           |       |       |     3 ||     3
Throw: Stone             |       |     5 |       ||     5
 Cast: Sting             |    13 |     1 |     1 ||    15
       Poisonous Vapours |    15 |    23 |     7 ||    45
  Use: Scroll            |       |     6 |     2 ||     8
       Potion            |       |     1 |     2 ||     3
 Stab: Sleeping          |     1 |     7 |     2 ||    10
       Distracted        |       |     1 |       ||     1
  Eat: Chunk             |     5 |     8 |     2 ||    15
       Ration            |       |       |     1 ||     1
Armor: Skin              |     7 |     7 |     5 ||    19
Dodge: Dodged            |    39 |    56 |    42 ||   137

Levels and vault maps discovered:
D:1:      onia_arrival_mini_maze, layout_basic
D:2:      layout_rooms, nicolae_ru_awakened_eye
D:3:      layout_loops_ring, lemuel_coloured_pillars_altar, first_ration
D:4:      wad_crossroads, layout_layer_cave, lemuel_doored_altar,
          chequers_temple_overflow_statue_of_worship, serial_shops,
          kennysheep_mini, shop, nicolae_shop_statue_plus, minmay_small_thing
D:5:      layout_loops_ring, serial_shops, shop_statue

Notes
Turn   | Place    | Note
-------+----------+-------------------------------------------
     0 | D:1      | puppykicker the Octopode Venom Mage began the quest for the
                  | Orb.
     0 | D:1      | Reached XP level 1. HP: 11/11 MP: 3/3
   415 | D:1      | Reached XP level 2. HP: 5/18 MP: 0/5
   420 | D:1      | Learned a level 2 spell: Poisonous Vapours
   659 | D:1      | Reached skill level 1 in Unarmed Combat
  1211 | D:1      | Reached XP level 3. HP: 21/22 MP: 1/6
  1263 | D:1      | Learned a level 3 spell: Mephitic Cloud
  1803 | D:2      | Reached skill level 1 in Fighting
  1870 | D:2      | Reached skill level 4 in Poison Magic
  2114 | D:2      | Reached XP level 4. HP: 17/28 MP: 1/7
  2320 | D:2      | Reached skill level 2 in Unarmed Combat
  2521 | D:2      | Found a sacrificial altar of Ru.
  2739 | D:2      | Reached skill level 1 in Air Magic
  3123 | D:3      | Reached XP level 5. HP: 17/33 MP: 2/8
  3394 | D:3      | Noticed a water moccasin
  3396 | D:3      | Gained mutation: Scrolls take you a little longer to read.
                  | [potion of mutation]
  3396 | D:3      | Gained mutation: You evolve. [potion of mutation]
  3452 | D:3      | Reached skill level 1 in Conjurations
  3671 | D:3      | Killed a water moccasin
  3671 | D:3      | Reached skill level 2 in Fighting
  3671 | D:3      | Reached skill level 3 in Unarmed Combat
  3671 | D:3      | Reached XP level 6. HP: 21/39 MP: 10/10
  3763 | D:3      | Gained mutation: You are weak. (Str -2) [evolution]
  3930 | D:3      | Learned a level 3 spell: Ignite Poison
  4105 | D:3      | Found a bloodstained altar of Trog.
  4364 | D:4      | Reached skill level 3 in Spellcasting
  4411 | D:4      | Found a hide-covered altar of Uskayaw.
  4413 | D:4      | Found a shimmering blue altar of Sif Muna.
  4434 | D:4      | Found a glowing silver altar of Zin.
  4517 | D:4      | Reached skill level 2 in Air Magic
  4524 | D:4      | Reached XP level 7. HP: 28/45 MP: 1/11
  4629 | D:4      | Reached skill level 2 in Conjurations
  4650 | D:4      | Gained mutation: Your spells are a little harder to cast,
                  | but a little more powerful. [evolution]
  4745 | D:4      | Found Ygent's Antique Weapon Shop.
  4931 | D:4      | Found Quckubb's General Store.
  4934 | D:4      | Bought a +0 longbow for 54 gold pieces
  4934 | D:4      | Bought a scroll of magic mapping for 42 gold pieces
  4934 | D:4      | Bought 2 potions of curing for 72 gold pieces
  4934 | D:4      | Bought a scroll of identify for 24 gold pieces
  5265 | D:4      | Found Astoet's Assorted Antiques.
  5282 | D:4      | Reached skill level 1 in Fire Magic
  5607 | D:4      | Reached skill level 5 in Poison Magic
  5832 | D:5      | Entered Level 5 of the Dungeon
  5837 | D:5      | Reached skill level 2 in Transmutations
  6092 | D:5      | Reached skill level 2 in Fire Magic
  6105 | D:5      | Reached skill level 3 in Fighting
  6111 | D:5      | Identified a potion of resistance
  6111 | D:5      | HP: 4/46 [centaur zombie (3)]
  6111 | D:5      | Slain by a centaur zombie

Vanquished Creatures
  A water moccasin (D:3)
  A scorpion (D:4)
  A quasit (D:5)
  A hound (D:4)
  2 orc wizards
  3 orc priests
  A bullfrog skeleton (D:5)
  A worker ant (D:4)
  A hound skeleton (D:5)
  10 adders
  An ooze (D:4)
  2 worms
  4 dart slugs
  A leopard gecko (D:3)
  8 orcs
  2 ball pythons
  6 giant cockroaches
  13 goblins
  5 hobgoblins
  7 jackals
  3 quokkas
  2 bats
  7 frilled lizards
  8 kobolds
  9 rats
100 creatures vanquished.
